 Dungeon Sprint DCSS version 0.29-a0-284-gf9362112df (webtiles) character file.

Game seed: 2679519697642243415

970 mhtbhm the Carver (level 7, -8/112 (117) HPs)
             Began as a Minotaur Berserker on Mar 30, 2022.
             Was an Elder of Trog.
             Mangled by a soul eater (21 damage)
             ... summoned by a kobold demonologist
             ... in the Dungeon (Sprint III: "The Ten Rune Challenge").
             The game lasted 00:01:05 (977 turns).

mhtbhm the Carver (Minotaur Berserker)               Turns: 977, Time: 00:01:06

HP:   -8/112 (117)  AC:  4    Str: 24    XL:     7   Next: 94%
MP:   6/6           EV: 13    Int:  4    God:    Trog [****..]
Gold: 24            SH:  0    Dex:  9    Spells: 6/6 levels left

rFire   . . .      SeeInvis .   a - +1 long sword (holy)
rCold   . . .      Faith    .   (no shield)
rNeg    . . .      Spirit   .   b - +0 leather armour
rPois   +          Reflect  .   (helmet restricted)
rElec   .          Harm     .   (no cloak)
rCorr   .          Rampage  .   (no gloves)
Will    .....      NoTele   +   (no boots)
Stlth   ..........              (no amulet)
HPRegen 0.28/turn               (no ring)
MPRegen 0.10/turn               (no ring)

@: berserking, lightly drained, very quick
A: horns 2, retaliatory headbutt, poison resistance, shaggy fur 1
a: Renounce Religion, Berserk, Trog's Hand, Brothers in Arms


You were in the Dungeon.
You worshipped Trog.
Trog was greatly pleased with you.
You visited 1 branch You collected 24 gold pieces.

Inventory:

Hand Weapons
 a - a +1 long sword of holy wrath (weapon)
Armour
 b - a +0 leather armour (worn)
Wands
 m - a wand of flame (19)
Scrolls
 d - 3 scrolls of immolation {unknown}
 h - a scroll of blinking
 k - 2 scrolls of identify
Potions
 c - a potion of curing
 e - a potion of haste
 f - 2 potions of magic
 g - a potion of berserk rage
 i - a potion of lignification {unknown}
 j - 2 potions of flight {unknown}
 l - 3 potions of mutation
 n - a potion of heal wounds


   Skills:
 + Level 12.5 Fighting
 + Level 14.2 Long Blades
 + Level 5.3 Armour
 + Level 7.4 Dodging
 + Level 2.0 Stealth


You had 6 spell levels left.
You didn't know any spells.
Your spell library was empty.

Dungeon Overview and Level Annotations

Branches:
Dungeon (1/1)

Altars:
Dithmenos
Elyvilon
Kikubaaqudgha
Okawaru
Ru
Sif Muna
Trog
Uskayaw
Vehumet
Wu Jian
Yredelemnul
Zin
The Shining One
Beogh


Innate Abilities, Weirdness & Mutations

You have a pair of horns on your head.
You reflexively headbutt those who attack you in melee.
Your system is resistant to poisons. (rPois)
You are covered in fur. (AC +1)


Message History

Trog appreciates your killing of a magic user.
Your Stealth skill increases to level 2!
You closely miss the kobold demonologist.
You headbutt the kobold demonologist.
The kobold demonologist is lightly wounded.
You hit the kobold demonologist. You headbutt the kobold demonologist!
The kobold demonologist is severely wounded.
You hit the soul eater but do no damage.
You headbutt the soul eater, but do no damage.
You barely miss the soul eater. Your headbutt misses the soul eater.
You hit the soul eater but do no damage.
The soul eater hits you.
You hit the soul eater but do no damage.
The soul eater barely misses you.
You barely miss the soul eater. Your headbutt misses the soul eater.
The soul eater hits you but does no damage.
You hit the soul eater but do no damage.
You barely miss the soul eater. You headbutt the soul eater.
The soul eater is lightly wounded.
The soul eater hits you!
You feel drained.
You are too injured to fight recklessly!
You are too injured to fight recklessly!
You are too injured to fight recklessly!
Unknown command.
A red film seems to cover your vision as you go berserk!
You feel yourself moving faster!
You feel mighty! The soul eater hits you!!
* * * LOW HITPOINT WARNING * * *
You hit the soul eater.
The soul eater convulses.
The soul eater is lightly wounded.
You hit the soul eater but do no damage.
The soul eater is lightly wounded.
The soul eater hits you.
* * * LOW HITPOINT WARNING * * *
You completely miss the soul eater.
The soul eater is lightly wounded.
You hit the soul eater.
The soul eater convulses.
The soul eater is lightly wounded.
The kobold demonologist casts a cantrip, but nothing happens.
The soul eater hits you!!
You die...

.#)..#### ##.############
.#......#####..#___#___#__#
##.......#..#..#.).#__)#._#
.##.##...#..#..###'#'###'##
.##.###..##'#..#..........#
####.##)†###...'.⌠........#
##..##..####...#...######+#
....##..###....#.⌠.#
#..##...##.....#@..#
..##....#††....#3###
.###..##.#.....#K: .# #..
####....#___ ▓▓ ▓▓▓
▓▓▓▓▓▓▓▓▓▓


You could see a soul eater (summoned) and a kobold demonologist.

Vanquished Creatures
  A deep elf pyromancer (D)
  A scorpion (D)
  A water elemental (D)
  A necrophage (D)
  Jessica (D)
  A wizard (D)
  A necromancer (D)
  3 humans (D)
  An endoplasm (D)
  2 rats (D)
13 creatures vanquished.

Notes
Turn   | Place    | Note
-------+----------+-------------------------------------------
     0 | D        | mhtbhm the Minotaur Berserker began the quest for the Orb.
     0 | D        | Reached XP level 1. HP: 19/19 MP: 0/0
    12 | D        | Reached skill level 4 in Long Blades
    21 | D        | Noticed Jessica
    33 | D        | Killed Jessica
    33 | D        | Reached ** piety under Trog
    34 | D        | Reached skill level 5 in Fighting
    34 | D        | Reached skill level 5 in Long Blades
    34 | D        | Reached XP level 2. HP: 17/30 MP: 1/1
    35 | D        | Reached XP level 3. HP: 20/37 MP: 2/2
   223 | D        | Noticed a scorpion
   229 | D        | Killed a scorpion
   230 | D        | Reached skill level 7 in Long Blades
   230 | D        | Reached XP level 4. HP: 47/47 MP: 3/3
   259 | D        | Gained mutation: Your system is resistant to poisons.
                  | (rPois) [potion of mutation]
   259 | D        | Gained mutation: You are covered in fur. (AC +1) [potion of
                  | mutation]
   269 | D        | Noticed a water elemental
   274 | D        | Killed a water elemental
   274 | D        | Reached *** piety under Trog
   275 | D        | Reached skill level 9 in Long Blades
   275 | D        | Reached skill level 1 in Stealth
   275 | D        | Reached XP level 5. HP: 42/56 MP: 4/4
   420 | D        | Found a basalt altar of Yredelemnul.
   420 | D        | Found a shadowy altar of Dithmenos.
   420 | D        | Found a sacrificial altar of Ru.
   426 | D        | Reached skill level 5 in Dodging
   428 | D        | Reached skill level 10 in Long Blades
   612 | D        | Found a hide-covered altar of Uskayaw.
   612 | D        | Found an iron altar of Okawaru.
   612 | D        | Found a bloodstained altar of Trog.
   612 | D        | Found an ornate altar of the Wu Jian Council.
   612 | D        | Noticed a human
   613 | D        | Noticed a human
   624 | D        | Killed a human
   625 | D        | Reached skill level 10 in Fighting
   625 | D        | Reached skill level 11 in Long Blades
   625 | D        | Reached XP level 6. HP: 31/67 MP: 5/5
   632 | D        | Killed a human
   632 | D        | Reached **** piety under Trog
   633 | D        | Reached skill level 12 in Long Blades
   633 | D        | Reached skill level 5 in Armour
   633 | D        | Reached XP level 7. HP: 21/74 MP: 6/6
   898 | D        | Found a glowing silver altar of Zin.
   898 | D        | Found a glowing golden altar of the Shining One.
   898 | D        | Found a white marble altar of Elyvilon.
   898 | D        | Noticed a deep elf pyromancer
   905 | D        | Killed a deep elf pyromancer
   906 | D        | Reached skill level 14 in Long Blades
   957 | D        | Found a radiant altar of Vehumet.
   957 | D        | Found a shimmering blue altar of Sif Muna.
   957 | D        | Found an ancient bone altar of Kikubaaqudgha.
   961 | D        | Noticed a soul eater
   977 | D        | Mangled by a soul eater

Illustrated notes

Levels and vault maps discovered:
D:        dungeon_sprint_mu [sprint_mu_entry_cave, sprint_mu_temple_rooms,
          sprint_mu_d1_horrors, sprint_mu_d2_genie, sprint_mu_d3_branching,
          sprint_mu_orc_legion, sprint_mu_elf_gauntlet, sprint_mu_hive_nellie,
          sprint_mu_lair_fedhas, sprint_mu_vaults_butterflies,
          sprint_mu_slime_circle, sprint_mu_swamp_cave, sprint_mu_snake_twists,
          sprint_mu_blade_basic, sprint_mu_crypt_chambers,
          sprint_mu_tomb_spiral, sprint_mu_vestibule_basic,
          sprint_mu_gehenna_hellfire, sprint_mu_dis_giant,
          sprint_mu_tartarus_statrot, sprint_mu_cocytus_islands, sprint_mu_zot1]

Skill      XL: |  1  2  3  4  5  6  7 |
---------------+----------------------+-----
Fighting       | 5 7 8 10 11 12 | 12.5
Long Blades    | 5 7 9 11 12 14 | 14.2
Armour         | 3 4 5 |  5.3
Dodging        | 3 4 6 7 |  7.4
Stealth        | 1 2 |  2.0

Action                   |  1- 3 |  4- 6 |  7- 9 || total
-------------------------+-------+-------+-------++-------
Melee: Falchion          |    13 |    31 |     6 ||    50
       Headbutt          |     2 |     3 |     4 ||     9
       Long sword        |       |       |    19 ||    19
Invok: Berserk           |     2 |     3 |     2 ||     7
  Use: Potion            |     1 |     1 |       ||     2
 Stab: Sleeping          |     1 |       |       ||     1
Armor: Animal skin       |     2 |     3 |       ||     5
       Leather armour    |       |       |     1 ||     1
Dodge: Dodged            |     8 |     8 |     1 ||    17

Table legend: (Time is in decaauts)
 A = Elapsed time spent in this place.
 B = Non-inter-level travel time spent in this place.
 C = Inter-level travel time spent in this place.
 D = Time resting spent in this place.
 E = Time spent auto-exploring this place.
 F = Levels seen in this place.
 G = Mean time per level.
                   A        B        C        D        E       F      G
               +--------+--------+--------+--------+--------+-----+--------+
         Total |   1017 |   1017 |      0 |    560 |    264 |   1 | 1017.0 |
       Dungeon |   1017 |   1017 |      0 |    560 |    264 |   1 | 1017.0 |
               +--------+--------+--------+--------+--------+-----+--------+

Top non-repeatable levels by time:
       D: 1017 daAuts
